Map: Acropolis LE

Players

Mez

  • Race: Terran Terran
  • League: Master
  • Spawn Location: 5:00

A.I. 1 (Very Easy) - Winner!

  • Race: Protoss Protoss
  • Spawn Location: 11:00

VOD

Have the link to the VOD?

Description

Time

  • Played on: Aug. 9, 2019, 4:46 p.m.
  • Length: 4:08
Show
View Real Time Build Order
Export as new Build Order

Mez Terran 

Build Orders: Reaper Expand 

Get SALT Encoding   

  12  0:01  SCV  
  13  0:14  SCV  
  14  0:18  Supply Depot  
  14  0:26  SCV  
  15  0:39  SCV  
  15  0:41  Barracks  
  16  0:45  Refinery  
  16  0:52  SCV  
  17  1:04  SCV  
  18  1:16  SCV  
  19  1:29  Orbital Command  
  19  1:31  Reaper  
  20  1:39  Command Center  
  20  1:51  Bunker  
  20  1:55  SCV  
  20  1:58  Supply Depot  
  21  2:08  Barracks Reactor, SCV  
  23  2:22  SCV  
  23  2:30  Command Center  
  23  2:35  SCV  
  24  2:45  Factory  
  24  2:47  Refinery, SCV  
  24  2:48  Marine  
  24  2:50  Marine  
  27  3:07  SCV  
  28  3:30  Widow Mine  
  30  3:39  SCV  
  30  3:40  SCV  
  32  3:54  SCV  
Show
View Real Time Build Order
Export as new Build Order

A.I. 1 (Very Easy) Protoss - Winner!

Build Orders:  

Get SALT Encoding   

  12  0:00  Probe  
  13  0:13  Probe  
  14  0:19  Pylon  
  14  0:37  Assimilator  
  14  0:43  Gateway  
  14  0:45  Pylon  
  14  1:13  Assimilator  
  14  1:22  Probe  
  14  1:23  Zealot  
  14  1:30  Probe  
  17  1:34  Cybernetics Core  
  18  1:40  Probe  
  19  1:52  Probe  
  20  2:00  Warp Gate  
  20  2:01  Probe  
  21  2:09  Probe  
  22  2:48  Stalker  
Tags
 
Add a new tag
Caveats
  • Supply blocks, unpowered buildings, or Contaminate may cause inaccurate times.
  • Supply counts are checked every 10 seconds.